 Dungeon Crawl Stone Soup version 0.31-a0-208-gdb31a4691d (webtiles) character file.

Game seed: 923469338844133505

239 Hubris850 the Grave Robber (level 5, -4/35 HPs)
             Began as a Vampire Necromancer on June 28, 2023.
             Slain by a gnoll
             ... wielding a +0 spear
             ... led by a gnoll bouda
              (6 damage)
             ... on level 4 of the Dungeon.
             The game lasted 00:07:29 (2765 turns).

Hubris850 the Grave Robber (Vampire Necromancer)    Turns: 2765, Time: 00:07:29

Health: -4/35      AC:  9    Str:  9    XL:     5   Next: 79%
Magic:  10/10      EV: 11    Int: 21    God:
Gold:   297        SH:  0    Dex: 15    Spells: 5/11 levels left

rFire   . . .        k - +1 flail (venom)
rCold   . . .        (no shield)
rNeg    . . .        g - +0 ring mail
rPois   .            (no helmet)
rElec   +            (no cloak)
rCorr   .            w - +0 pair of gloves
SInv    +            j - +2 pair of boots of Anoddoj {Harm rElec Int+4 Stlth-}
Will    .....        e - amulet of magic regeneration
Stlth   +            (no ring)
HPRegen 0.45/turn    (no ring)
MPRegen 0.52/turn

%: harm (+30% outgoing, +20% incoming)
@: healing quickly
A: alive, fangs 3, see invisible, vampiric 2
a: Exsanguinate


You were on level 4 of the Dungeon.
You visited 1 branch of the dungeon, and saw 4 of its levels.

You collected 297 gold pieces.

Inventory:

Hand Weapons
 c - a +0 dagger
 k - a +1 flail of venom (weapon)
Missiles
 s - 6 poisoned darts
 v - 4 curare-tipped darts
Armour
 a - a +0 robe
 g - a +0 ring mail (worn)
 j - the +2 pair of boots of Anoddoj (worn) {Harm rElec Int+4 Stlth-}
   (You found it on level 2 of the Dungeon)

   Int:       It affects your intelligence (+4).
   rElec:     It insulates you from electricity.
   Harm:      It increases damage dealt and taken.
   Stlth:     It makes you less stealthy.
 w - a +0 pair of gloves (worn)
Jewellery
 e - an amulet of magic regeneration (around neck)
Wands
 i - a wand of polymorph (8)
Scrolls
 f - 5 scrolls of identify {unknown}
 h - a scroll of teleportation {unknown}
 m - 2 scrolls of poison {unknown}
 o - 4 scrolls of blinking {unknown}
 q - a scroll of torment {unknown}
Potions
 b - a potion of magic
 d - 2 potions of heal wounds {unknown}
 l - 2 potions of haste {unknown}
 n - a potion of attraction {unknown}
 p - 2 potions of degeneration {unknown}
 r - a potion of lignification {unknown}
 t - a potion of might {unknown}
 u - a potion of curing {unknown}


   Skills:
 - Level 4.0 Dodging
 - Level 4.0 Stealth
 + Level 3.5 Spellcasting
 + Level 5.7 Necromancy


You had 5 spell levels left.
You knew the following spells:

 Your Spells              Type           Power      Damage    Failure   Level
a - Necrotise             Necr           100%       1d9       3%          1
b - Kiss of Death         Conj/Necr      60%        2d10      11%         1
c - Animate Dead          Necr           27%        N/A       32%         4

Your spell library contained the following spells:

 Spells                   Type           Power      Damage    Failure   Level
 Vampiric Draining        Necr           27%        2d7       10%         3
 Dispel Undead            Necr           27%        3d13      32%         4
 Magic Dart               Conj           12%        1d3       34%         1
 Shock                    Conj/Air       12%        1d3       34%         1
 Call Imp                 Summ           6%         N/A       47%         2
 Agony                    Necr           27%        N/A       67%         5
 Confusing Touch          Hex            3%         N/A       71%         3
 Mephitic Cloud           Conj/Pois/Air  3%         N/A       71%         3
 Swiftness                Air            3%         N/A       71%         3
 Airstrike                Air            1%         2d(1-17)  98%         4


Dungeon Overview and Level Annotations

Branches:
Dungeon (4/15)
 Temple: D:4-7

Altars:
Wu Jian

Shops:
D:3 ?


Innate Abilities, Weirdness & Mutations

Your natural rate of healing is accelerated.
You have razor-sharp teeth.
You have supernaturally acute eyesight. (SInv)
You are afflicted with vampirism and can become a bat while bloodless.


Message History

The gnoll hits you but does no damage. The gnoll barely misses you. x2
The gnoll bouda hits you but does no damage.
Your gnoll skeleton barely misses the gnoll.
The gnoll hits you with a +0 flail!
You closely miss the gnoll.
The gnoll is moderately wounded.
The gnoll hits you with a +0 club.
* * * LOW HITPOINT WARNING * * *
The gnoll closely misses you. The gnoll bouda barely misses you.
The gnoll barely misses you.
Your gnoll skeleton hits the gnoll.
The gnoll hits you but does no damage. The gnoll misses you.
You hit the gnoll.
The gnoll is poisoned.
The gnoll is heavily wounded.
The gnoll bouda hits you with a +0 club.
* * * LOW HITPOINT WARNING * * *
The gnoll barely misses you.
Your gnoll skeleton hits the gnoll.
The gnoll misses you. The gnoll barely misses you.
The gnoll bouda hits you but does no damage.
The gnoll barely misses you.
You hit the gnoll.
The gnoll looks as sick as possible!
Your bite misses the gnoll.
The gnoll is severely wounded.
Your attacks no longer feel as feeble.
Your gnoll skeleton crumbles into dust!
You kill the gnoll! x2
The gnoll hits you but does no damage. The gnoll bouda closely misses you.
The giant cockroach bites you but does no damage.
You hit the gnoll bouda.
The gnoll bouda is poisoned.
The gnoll bouda is lightly wounded.
The gnoll is no longer moving quickly.
The gnoll closely misses you.
The gnoll bouda barks out a call to the hunt!
The gnoll picks up the pace!
The giant cockroach bites you but does no damage.
The gnoll completely misses you. The gnoll bouda barely misses you.
You hit the gnoll bouda.
The gnoll bouda looks as sick as possible!
The gnoll bouda is heavily wounded.
The giant cockroach barely misses you.
The gnoll hits you from afar with a +0 spear.
You die...

...... ......
...... .....
.(.... . #...# .#
...... .. #...#
.# ...... ..
+...# #.#
........
.##.#...#
#.#..........
........#
#.#..... #...g@#
#.#.....
#..g)B####.#.....
#.......Z....#
#..#'####..#.# #
#..#. #..#.# #
... .. #.)..# ###
.#. #.)### .#.
#).# ..#.####..#


You could see a gnoll bouda (extremely poisoned), a gnoll (swift) and a giant
cockroach.

Vanquished Creatures
  A hound (D:4)
  8 gnolls
  6 adders
  An ufetubus (D:4)
  2 dart slugs
  An orc (D:3)
  9 bats
  4 endoplasms
  3 giant cockroaches (D:3)
  5 goblins
  8 hobgoblins
  7 quokkas
  5 ball pythons
  3 frilled lizards
  3 kobolds
  5 rats
71 creatures vanquished.

Vanquished Creatures (collateral kills)
  A goblin (D:2)
1 creature vanquished.

Grand Total: 72 creatures vanquished

Notes
Turn   | Place    | Note
-------+----------+-------------------------------------------
     0 | D:1      | Hubris850 the Vampire Necromancer began the quest for the
                  | Orb.
     0 | D:1      | Reached XP level 1. HP: 13/13 MP: 3/3
   501 | D:1      | Reached XP level 2. HP: 19/19 MP: 5/5
   503 | D:1      | Learned a level 1 spell: Kiss of Death
  1015 | D:2      | Found a faded altar of an unknown god.
  1089 | D:2      | Gained mutation: You are afflicted with vampirism and can
                  | become a bat while bloodless. [Vampire growth]
  1089 | D:2      | Reached XP level 3. HP: 24/24 MP: 3/6
  1234 | D:2      | Identified the +2 pair of boots of Anoddoj {Harm rElec
                  | Int+4 Stlth-}
  1315 | D:2      | Reached XP level 4. HP: 27/30 MP: 2/8
  1327 | D:2      | Reached skill level 5 in Necromancy
  1437 | D:2      | Learned a level 4 spell: Animate Dead
  2157 | D:3      | Found Jaroiz Zepho's Magic Scroll Shoppe.
  2380 | D:3      | Reached XP level 5. HP: 35/35 MP: 9/9
  2445 | D:3      | Found a faded altar of an unknown god.
  2460 | D:3      | Found an ornate altar of the Wu Jian Council.
  2762 | D:4      | HP: 1/35 [gnoll bouda/+0 club (7)]
  2765 | D:4      | Slain by a gnoll

Illustrated notes

Levels and vault maps discovered:
D:1:      dpeg_arrival_connections, layout_loops_corners,
          kennysheep_another_room
D:2:      layout_rooms, shapermc_ecumenical_altar_ellora,
          kennysheep_generic_room_10
D:3:      layout_loops_ring, nicolae_overflow_ecumenical_swirl, serial_shops,
          shop, nrook_campfire, minmay_joined_circles
D:4:      layout_basic

Skill      XL: |  1  2  3  4  5 |
---------------+----------------+-----
Stealth        | 4 |  4.0
Dodging        | 3 4 |  4.0
Necromancy     | 5 |  5.7
Spellcasting   | 3 |  3.5

Action                     |  1- 3 |  4- 6 || total
---------------------------+-------+-------++-------
  Melee: Unarmed           |    25 |       ||    25
         Dagger            |    54 |     4 ||    58
         Bite              |     6 |     7 ||    13
         Flail             |       |   100 ||   100
   Cast: Necrotise         |    44 |    11 ||    55
   Stab: Sleeping          |     1 |       ||     1
 Armour: Robe              |    18 |       ||    18
         Ring mail         |    21 |    70 ||    91
  Dodge: Dodged            |    56 |    97 ||   153

Table legend: (Time is in decaauts)
 A = Elapsed time spent in this place.
 B = Non-inter-level travel time spent in this place.
 C = Inter-level travel time spent in this place.
 D = Time resting spent in this place.
 E = Time spent auto-exploring this place.
 F = Levels seen in this place.
 G = Mean time per level.
                   A        B        C        D        E       F      G
               +--------+--------+--------+--------+--------+-----+--------+
         Total |   2803 |   2715 |     88 |    153 |   1935 |   4 |  700.8 |
       Dungeon |   2803 |   2715 |     88 |    153 |   1935 |   4 |  700.8 |
               +--------+--------+--------+--------+--------+-----+--------+

Top non-repeatable levels by time:
     D:1: 997 daAuts
     D:2: 815 daAuts
     D:3: 752 daAuts
     D:4: 238 daAuts
